TOP OF THE 1ST |
---|
Clemson Tigers batting - Pitching for Seton Hall Pirates : LHP Earnest Patterson | Pitching: LHP Earnest Patterson | | Batting: LHB Dan Dukes | 0-0: Called Strike 0-1: Called Strike 0-2: Foul Ball, location: 2F 0-2: Ball 1-2: SINGLE (Flyball, 9LS) | Batting: RHB Blair Charnock | 0-0: Called Strike 0-1: Ball Dan Dukes steals 2nd base 1-1: Ball 2-1: Ball 3-1: Base on Balls | Batting: LHB Pedro Robolledo | 0-0: Called Strike 0-1: Ball 1-1: Called Strike 1-2: Ball 2-2: Ball 3-2: Strikes out swinging | Batting: SHB Ken Hall | 0-0: Foul Ball, location: 2F 0-1: Fly out, F8 (Line Drive, 8RM) | Batting: RHB Garth O'Flahavan | 0-0: Foul Ball, location: 2F 0-1: Foul Ball, location: 2F 0-2: Ball 1-2: Foul Ball, location: 2F 1-2: SINGLE (Groundball, 3D) Dan Dukes to third Blair Charnock to second Runner from 3rd tries for Home, SAFE, throw made home | Batting: RHB Jimmy Bryan | 0-0: Ball 1-0: Ball 2-0: Foul Ball, location: 2F 2-1: Foul Ball, location: 2F 2-2: Ball 3-2: Base on Balls Blair Charnock to third Garth O'Flahavan to second | Batting: RHB Matt Blanton | 0-0: Called Strike 0-1: Ball 1-1: Foul Ball, location: 2F 1-2: Ball 2-2: Ball 3-2: Strikes out swinging | Top of the 1st over - 1 run, 2 hits, 0 errors, 3 left on base; Clemson 1 - Seton Hall 0 | BOTTOM OF THE 1ST |
---|
Seton Hall Pirates batting - Pitching for Clemson Tigers : RHP Emílio Torres | Pitching: RHP Emílio Torres | | Batting: RHB Ken Horn | 0-0: Ball 1-0: SINGLE (Line Drive, 8LS) | Batting: LHB Joe Rutherford | 0-0: Foul Ball, location: 2F 0-1: Ball 1-1: Ball 2-1: Swinging Strike 2-2: Ball 3-2: Foul Ball, location: 2F 3-2: Foul Ball, location: 2F 3-2: Strikes out swinging Ken Horn steals 2nd base Batter strikes out. | Batting: SHB David Bennett | 0-0: Ground out 3-1 (Groundball, 34S) Ken Horn to third | Batting: RHB Fernando Cuevas | 0-0: Ball 1-0: Ball 2-0: Foul Ball, location: 2F 2-1: Called Strike 2-2: Ball 3-2: Foul Ball, location: 2F 3-2: Base on Balls | Batting: LHB Vernon Riley | 0-0: Ball 1-0: Called Strike 1-1: Ball Passed Ball! Ken Horn scores Fernando Cuevas to second 2-1: Swinging Strike 2-2: Ball 3-2: Foul Ball, location: 2F 3-2: SINGLE (Line Drive, 6MD) Fernando Cuevas to third Fernando Cuevas scores | Batting: RHB Joe Lord | 0-0: Foul Ball, location: 2F 0-1: Ball 1-1: Ball 2-1: Ball 3-1: Base on Balls Vernon Riley to second | Batting: RHB Ray Hernández | 0-0: Ball 1-0: Swinging Strike 1-1: Ball 2-1: SINGLE (Line Drive, 7S) Vernon Riley to third Joe Lord to second Runner from 3rd tries for Home, SAFE, no throw | Batting: LHB Turner Burns | 0-0: Called Strike 0-1: Ball 1-1: Foul Ball, location: 2F 1-2: Strikes out swinging | Bottom of the 1st over - 3 runs, 3 hits, 0 errors, 2 left on base; Clemson 1 - Seton Hall 3 | TOP OF THE 2ND |
---|
Clemson Tigers batting - Pitching for Seton Hall Pirates : LHP Earnest Patterson | Batting: RHB Ricardo Medellín | 0-0: Called Strike 0-1: Ball 1-1: Swinging Strike 1-2: Ball 2-2: Foul Ball, location: 2F 2-2: Strikes out looking | Batting: RHB Zach O'Kelly | 0-0: Called Strike 0-1: Bunt missed! 0-2: SINGLE (Line Drive, 78M) | Batting: LHB Dan Dukes | 0-0: Called Strike 0-1: Foul Ball, location: 2F 0-2: Ball 1-2: Foul Ball, location: 2F 1-2: Foul Ball, location: 2F 1-2: Foul Ball, location: 2F 1-2: Ball 2-2: SINGLE (Line Drive, 6D) Zach O'Kelly to second | Batting: RHB Blair Charnock | 0-0: Ball 1-0: Ball 2-0: Ball 3-0: Base on Balls Zach O'Kelly to third Dan Dukes to second | Batting: LHB Pedro Robolledo | 0-0: Ball 1-0: Foul Ball, location: 2F 1-1: Swinging Strike 1-2: Strikes out looking | Batting: SHB Ken Hall | 0-0: Called Strike 0-1: Ball 1-1: Foul Ball, location: 2F 1-2: Foul Ball, location: 2F 1-2: Ball 2-2: Fly out, F4 (Popup, 4S) | Top of the 2nd over - 0 runs, 2 hits, 0 errors, 3 left on base; Clemson 1 - Seton Hall 3 | BOTTOM OF THE 2ND |
---|
Seton Hall Pirates batting - Pitching for Clemson Tigers : RHP Emílio Torres | Batting: RHB José Aponte | 0-0: Ball 1-0: Ball 2-0: Ball 3-0: Base on Balls | Batting: RHB Ken Horn | 0-0: Foul Ball, location: 2F 0-1: Foul Ball, location: 2F 0-2: Ball 1-2: Strikes out swinging | Batting: LHB Joe Rutherford | 0-0: Ball 1-0: Fly out, F8 (Flyball, 78D) | Batting: SHB David Bennett | 0-0: Ball 1-0: Called Strike 1-1: SINGLE (Groundball, 34D) José Aponte to second Runner from 2nd tries for 3rd, SAFE, no throw | Batting: RHB Fernando Cuevas | 0-0: Called Strike 0-1: Called Strike 0-2: Ball 1-2: Foul Ball, location: 2F 1-2: Strikes out looking | Bottom of the 2nd over - 0 runs, 1 hit, 0 errors, 2 left on base; Clemson 1 - Seton Hall 3 | TOP OF THE 3RD |
---|
Clemson Tigers batting - Pitching for Seton Hall Pirates : LHP Earnest Patterson | Batting: RHB Garth O'Flahavan | 0-0: Foul Ball, location: 2F 0-1: DOUBLE (Flyball, 8LXD) | Batting: RHB Jimmy Bryan | 0-0: Swinging Strike 0-1: Ball 1-1: Ball 2-1: Swinging Strike 2-2: Foul Ball, location: 2F 2-2: Ball 3-2: Fly out, F9 (Flyball, 9LS) | Batting: RHB Matt Blanton | 0-0: Ball 1-0: Ball 2-0: Ball 3-0: Called Strike 3-1: Ground out 5-3 (Groundball, 5) | Pitching: LHP Nathaniel Phillips | | Batting: RHB Ricardo Medellín | 0-0: Swinging Strike 0-1: Swinging Strike 0-2: Foul Ball, location: 2F 0-2: Ball 1-2: Fly out, F8 (Flyball, 8LD) | Top of the 3rd over - 0 runs, 1 hit, 0 errors, 1 left on base; Clemson 1 - Seton Hall 3 | BOTTOM OF THE 3RD |
---|
Seton Hall Pirates batting - Pitching for Clemson Tigers : RHP Emílio Torres | Batting: LHB Vernon Riley | 0-0: Swinging Strike 0-1: Called Strike 0-2: Foul Ball, location: 2F 0-2: Ball 1-2: Ball 2-2: Ball 3-2: Base on Balls | Batting: RHB Joe Lord | 0-0: Ground out 5-3 (Groundball, 56S) Vernon Riley to second | Batting: RHB Ray Hernández | 0-0: Foul Ball, location: 2F 0-1: Foul Ball, location: 2F 0-2: Foul Ball, location: 2F 0-2: Strikes out looking | Batting: LHB Turner Burns | 0-0: Ball 1-0: 2-RUN HOME RUN (Flyball, 9LD), Distance : 339 ft | Batting: RHB José Aponte | 0-0: Ground out 5-3 (Groundball, 5) | Bottom of the 3rd over - 2 runs, 1 hit, 0 errors, 0 left on base; Clemson 1 - Seton Hall 5 | TOP OF THE 4TH |
---|
Clemson Tigers batting - Pitching for Seton Hall Pirates : LHP Nathaniel Phillips | Batting: RHB Zach O'Kelly | 0-0: Ball 1-0: Ball 2-0: Ball 3-0: Called Strike 3-1: Base on Balls | Batting: LHB Dan Dukes | 0-0: Ball Zach O'Kelly steals 2nd base 1-0: Ball 2-0: Foul Ball, location: 2F 2-1: Ball 3-1: Called Strike 3-2: SINGLE (Line Drive, 4D) Zach O'Kelly to third | Batting: RHB Blair Charnock | 0-0: Ball 1-0: Foul Ball, location: 2F 1-1: Swinging Strike 1-2: Ball 2-2: 3-RUN HOME RUN (Flyball, 7LD), Distance : 331 ft | Batting: LHB Pedro Robolledo | 0-0: Swinging Strike 0-1: Ball 1-1: Ball 2-1: Called Strike 2-2: Strikes out swinging | Batting: SHB Ken Hall | 0-0: Foul Ball, location: 2F 0-1: Called Strike 0-2: Ball 1-2: Strikes out swinging | Batting: RHB Garth O'Flahavan | 0-0: Ground out 5-3 (Groundball, 56S) | Top of the 4th over - 3 runs, 2 hits, 0 errors, 0 left on base; Clemson 4 - Seton Hall 5 | BOTTOM OF THE 4TH |
---|
Seton Hall Pirates batting - Pitching for Clemson Tigers : RHP Emílio Torres | Batting: RHB Ken Horn | 0-0: Foul Ball, location: 2F 0-1: SOLO HOME RUN (Flyball, 7D), Distance : 357 ft | Batting: LHB Joe Rutherford | 0-0: Fly out, F7 (Flyball, 78S) | Batting: SHB David Bennett | 0-0: DOUBLE (Flyball, 8LXD) | Batting: RHB Fernando Cuevas | 0-0: Foul Ball, location: 2F 0-1: Ball 1-1: Called Strike 1-2: Fly out, F3 (Popup, 34S) | Pitching: LHP Alfonso Cortés | | Batting: LHB Vernon Riley | 0-0: Ball 1-0: Called Strike 1-1: Ball 2-1: Ball 3-1: Base on Balls | Batting: RHB Joe Lord | 0-0: Called Strike 0-1: Ball 1-1: Ball 2-1: Foul Ball, location: 2F 2-2: Fly out, F4 (Popup, 4D) | Bottom of the 4th over - 1 run, 2 hits, 0 errors, 2 left on base; Clemson 4 - Seton Hall 6 | TOP OF THE 5TH |
---|
Clemson Tigers batting - Pitching for Seton Hall Pirates : LHP Nathaniel Phillips | Batting: RHB Jimmy Bryan | 0-0: Called Strike 0-1: Ball 1-1: Ball 2-1: Ball 3-1: Base on Balls | Batting: RHB Matt Blanton | 0-0: Ball 1-0: Swinging Strike 1-1: Ball 2-1: Ball 3-1: Fielders Choice at 2nd, 2-6 (Groundball, 2R) | Batting: RHB Ricardo Medellín | 0-0: Called Strike 0-1: Swinging Strike 0-2: 2-RUN HOME RUN (Flyball, 78XD), Distance : 378 ft | Pitching: LHP Laurent Bélisle | | Batting: RHB Zach O'Kelly | 0-0: SINGLE (Line Drive, 9S) | Batting: LHB Dan Dukes | 0-0: Called Strike 0-1: Ball 1-1: Fly out, F6 (Line Drive, 6MD) | Batting: RHB Blair Charnock | 0-0: Called Strike 0-1: Ball 1-1: Foul Ball, location: 2F 1-2: Ball 2-2: Foul Ball, location: 2F 2-2: Ball Balk! Zach O'Kelly to second 3-2: Base on Balls | Batting: LHB Pedro Robolledo | 0-0: Ball 1-0: Ball 2-0: SINGLE (Groundball, 23) (infield hit) Zach O'Kelly to third Blair Charnock to second | Batting: SHB Ken Hall | 0-0: Swinging Strike 0-1: Called Strike 0-2: Foul Ball, location: 2F 0-2: Ball 1-2: Strikes out looking | Top of the 5th over - 2 runs, 3 hits, 0 errors, 3 left on base; Clemson 6 - Seton Hall 6 | BOTTOM OF THE 5TH |
---|
Seton Hall Pirates batting - Pitching for Clemson Tigers : LHP Alfonso Cortés | Batting: RHB Ray Hernández | 0-0: Ball 1-0: Called Strike 1-1: Ball 2-1: Ball 3-1: Ground out 6-3 (Groundball, 6) | Batting: LHB Turner Burns | 0-0: Ball 1-0: Ball 2-0: Called Strike 2-1: Foul Ball, location: 2F 2-2: Ball 3-2: Fly out, F8 (Flyball, 8LM) | Batting: RHB José Aponte | 0-0: Ball 1-0: Swinging Strike 1-1: Ball 2-1: Swinging Strike 2-2: Ball 3-2: Strikes out swinging | Bottom of the 5th over - 0 runs, 0 hits, 0 errors, 0 left on base; Clemson 6 - Seton Hall 6 | TOP OF THE 6TH |
---|
Clemson Tigers batting - Pitching for Seton Hall Pirates : LHP Laurent Bélisle | Batting: RHB Garth O'Flahavan | 0-0: Foul Ball, location: 2F 0-1: Ball 1-1: Ball 2-1: Called Strike 2-2: Foul Ball, location: 2F 2-2: Strikes out looking | Batting: RHB Jimmy Bryan | 0-0: Ball 1-0: Ball 2-0: Foul Ball, location: 2F 2-1: Ball 3-1: Base on Balls | Batting: RHB Matt Blanton | 0-0: Ball 1-0: Foul Ball, location: 2F 1-1: Called Strike 1-2: Strikes out swinging | Batting: RHB Ricardo Medellín | 0-0: Fly out, F5 (Line Drive, 5) | Top of the 6th over - 0 runs, 0 hits, 0 errors, 1 left on base; Clemson 6 - Seton Hall 6 | BOTTOM OF THE 6TH |
---|
Seton Hall Pirates batting - Pitching for Clemson Tigers : LHP Alfonso Cortés | Batting: RHB Ken Horn | 0-0: Ball 1-0: Swinging Strike 1-1: Ball 2-1: Ball 3-1: Base on Balls | Batting: LHB Joe Rutherford | 0-0: Ball 1-0: Ball 2-0: Called Strike 2-1: 2-RUN HOME RUN (Flyball, 9LD), Distance : 340 ft | Batting: SHB David Bennett | 0-0: SINGLE (Groundball, 34D) | Batting: RHB Fernando Cuevas | 0-0: Ball 1-0: Foul Ball, location: 2F 1-1: Foul Ball, location: 2F 1-2: SINGLE (Line Drive, 56) David Bennett to second | Batting: LHB Vernon Riley | 0-0: Called Strike 0-1: Ball 1-1: Swinging Strike 1-2: Strikes out swinging | Batting: RHB Joe Lord | 0-0: Ball 1-0: Called Strike 1-1: SINGLE (Flyball, 8RS) David Bennett to third Fernando Cuevas to second | Batting: RHB Ray Hernández | 0-0: Called Strike 0-1: Foul Ball, location: 2F 0-2: Strikes out swinging | Batting: LHB Turner Burns | 0-0: TRIPLE (Line Drive, 89XD) David Bennett scores Fernando Cuevas scores Joe Lord scores | Pitching: RHP Nacho Ortíz | | Batting: RHB José Aponte | 0-0: SINGLE (Groundball, 6MD) Turner Burns scores | Batting: RHB Ken Horn | 0-0: Ball 1-0: Called Strike 1-1: Ball 2-1: Ball 3-1: Called Strike 3-2: Base on Balls José Aponte to second | Batting: LHB Joe Rutherford | 0-0: Called Strike 0-1: Ball 1-1: Ball 2-1: Ball 3-1: Swinging Strike 3-2: Base on Balls José Aponte to third Ken Horn to second | Batting: SHB David Bennett | 0-0: Called Strike 0-1: Fly out, F8 (Flyball, 8LD) | Bottom of the 6th over - 6 runs, 6 hits, 0 errors, 3 left on base; Clemson 6 - Seton Hall 12 | TOP OF THE 7TH |
---|
Clemson Tigers batting - Pitching for Seton Hall Pirates : LHP Laurent Bélisle | Batting: RHB Zach O'Kelly | 0-0: Swinging Strike 0-1: Called Strike 0-2: Fly out, F7 (Line Drive, 7) | Batting: LHB Dan Dukes | 0-0: Called Strike 0-1: Ground out 4-3 (Groundball, 4) | Batting: RHB Blair Charnock | 0-0: Called Strike 0-1: Fly out, F9 (Flyball, 9LSF) | Top of the 7th over - 0 runs, 0 hits, 0 errors, 0 left on base; Clemson 6 - Seton Hall 12 | BOTTOM OF THE 7TH |
---|
Seton Hall Pirates batting - Pitching for Clemson Tigers : RHP Nacho Ortíz | Batting: RHB Fernando Cuevas | 0-0: Swinging Strike 0-1: Ball 1-1: Ball 2-1: Swinging Strike 2-2: Strikes out looking | Batting: LHB Vernon Riley | 0-0: Ball 1-0: Ball 2-0: Called Strike 2-1: Ball 3-1: Foul Ball, location: 2F 3-2: Foul Ball, location: 2F 3-2: SINGLE (Groundball, 5D) | Batting: RHB Joe Lord | 0-0: Ball 1-0: SINGLE (Line Drive, 6D) Vernon Riley to second | Batting: RHB Ray Hernández | 0-0: Called Strike 0-1: Ball 1-1: Fly out, F7 (Flyball, 7LS) | Batting: LHB Turner Burns | 0-0: Ball 1-0: Ball 2-0: Ground out 4-3 (Groundball, 4) | Bottom of the 7th over - 0 runs, 2 hits, 0 errors, 2 left on base; Clemson 6 - Seton Hall 12 | TOP OF THE 8TH |
---|
Clemson Tigers batting - Pitching for Seton Hall Pirates : LHP Laurent Bélisle | Batting: LHB Pedro Robolledo | 0-0: Ball 1-0: Called Strike 1-1: Ball 2-1: Ball 3-1: Ground out 4-3 (Groundball, 4M) | Batting: SHB Ken Hall | 0-0: Swinging Strike 0-1: Ball 1-1: Foul Ball, location: 2F 1-2: Strikes out swinging | Batting: RHB Garth O'Flahavan | 0-0: Ball 1-0: Ball 2-0: Ball 3-0: Called Strike 3-1: Called Strike 3-2: Foul Ball, location: 2F 3-2: Strikes out swinging | Top of the 8th over - 0 runs, 0 hits, 0 errors, 0 left on base; Clemson 6 - Seton Hall 12 | BOTTOM OF THE 8TH |
---|
Seton Hall Pirates batting - Pitching for Clemson Tigers : RHP Nacho Ortíz | Batting: RHB José Aponte | 0-0: Ball 1-0: Called Strike 1-1: Foul Ball, location: 2F 1-2: Fly out, F7 (Flyball, 7LS) | Batting: RHB Ken Horn | 0-0: Ground out 5-3 (Groundball, 56) | Batting: LHB Joe Rutherford | 0-0: SINGLE (Flyball, 9LS) | Batting: SHB David Bennett | 0-0: Ball 1-0: Ball 2-0: 2-RUN HOME RUN (Flyball, 9LD), Distance : 330 ft | Batting: RHB Fernando Cuevas | 0-0: Swinging Strike 0-1: SINGLE (Groundball, 6MD) | Batting: LHB Vernon Riley | 0-0: Ball 1-0: Fielders Choice at 2nd, 5-4 (Groundball, 5L) | Bottom of the 8th over - 2 runs, 3 hits, 0 errors, 1 left on base; Clemson 6 - Seton Hall 14 | TOP OF THE 9TH |
---|
Clemson Tigers batting - Pitching for Seton Hall Pirates : LHP Laurent Bélisle | Batting: RHB Jimmy Bryan | 0-0: Fly out, F8 (Flyball, 8RM) | Batting: RHB Matt Blanton | 0-0: Foul Ball, location: 2F 0-1: Swinging Strike 0-2: SINGLE (Groundball, 6MD) | Pitching: RHP Tom Skiffington | | Batting: RHB Ricardo Medellín | 0-0: Ball 1-0: Ball 2-0: Foul Ball, location: 2F 2-1: Swinging Strike 2-2: Strikes out looking | Batting: RHB Zach O'Kelly | 0-0: Foul Ball, location: 2F 0-1: Ball 1-1: Ball 2-1: SINGLE (Line Drive, 6MD) Matt Blanton to second | Batting: LHB Dan Dukes | 0-0: Ball 1-0: Called Strike 1-1: Foul Ball, location: 2F 1-2: Fly out, F3 (Popup, 3S) | Top of the 9th over - 0 runs, 2 hits, 0 errors, 2 left on base; Clemson 6 - Seton Hall 14 | |